 Dungeon Crawl Stone Soup version 0.24.0-123-gd5b16e6ec5 (webtiles) character file.

Game seed: 2641940712116116916, levelgen mode: deterministic

119634 Amplified the Warrior (level 16, 0/151 HPs)
             Began as a Demonspawn Abyssal Knight on Jan 8, 2020.
             Was the Champion of Lugonu.
             Succumbed to a wolf spider's poison
             ... on level 3 of the Spider Nest.
             The game lasted 00:59:40 (32461 turns).

Amplified the Warrior (Demonspawn Abyssal Knight)  Turns: 32461, Time: 00:59:41

Health: 0/151      AC: 24    Str: 21    XL:     16   Next: 28%
Magic:  3/26       EV: 13    Int: 13    God:    Lugonu [******]
Gold:   3651       SH: 11    Dex: 14    Spells: 13/15 levels left

rFire    + + .     SeeInvis .   p - +4 demon blade (venom)
rCold    + . .     Gourm    .   A - +3 buckler
rNeg     + . .     Faith    .   y - +6 scale mail of Precision Catastrophes {+Fly rF+ Dex-5}
rPois    +         Spirit   +   J - +2 helmet {Int+3}
rElec    +         Reflect  +   l - +0 cloak
rCorr    +         Harm     .   (gloves unavailable)
MR       +....                  S - +2 pair of boots {Fly}
Stlth    ++++++....             m - +3 amulet of reflection
HPRegen  0.35/turn              Q - +3 ring of slaying
MPRegen  0.40/turn              E - ring of Hoedi {rPois rN+ Int-4 Stlth+}

@: lethally poisoned (0 -> -24), resistant, marked, flying, very slightly
contaminated, invisible (expiring)
A: claws 3, thin skeletal structure 3, nightstalker 3, robust 1, strong 1, magic
shield, magic regeneration
a: Depart the Abyss, Bend Space, Banish, Corrupt, Enter the Abyss, Brand Weapon
With Distortion, Renounce Religion, Stop Flying


You were on level 3 of the Spider Nest.
You worshipped Lugonu.
Lugonu was exalted by your worship.
You were not hungry.

You visited 5 branches of the dungeon, and saw 27 of its levels.
You visited the Abyss 1 time.
You also visited: Sewer, Bailey, Gauntlet and Ice Cave.

You collected 4763 gold pieces.
You spent 1112 gold pieces at shops.

Inventory:

Hand Weapons
 o - a +4 long sword of freezing
 p - a +4 demon blade of venom (weapon)
 F - a +1 eveningstar of freezing
Missiles
 e - 90 boomerangs
 t - 2 curare-tipped darts (quivered)
 G - 8 silver javelins
Armour
 l - a +0 cloak (worn)
 u - a +1 ring mail of fire resistance
 y - the +6 scale mail of Precision Catastrophes (worn) {+Fly rF+ Dex-5}
   (You found it on level 10 of the Dungeon)

   It affects your dexterity (-5).
   It protects you from fire.
   It lets you fly.
 A - a +3 buckler (worn)
 J - a +2 helmet of intelligence (worn)
 S - a +2 pair of boots of flying (worn)
Jewellery
 f - an uncursed ring of fire
 h - an uncursed ring of wizardry
 m - a +3 amulet of reflection (around neck)
 E - the ring of Hoedi (right claw) {rPois rN+ Int-4 Stlth+}
   (You found it in a Gauntlet)

   [ring of poison resistance]

   It affects your intelligence (-4).
   It protects you from poison.
   It protects you from negative energy.
   It makes you more stealthy.
 I - an uncursed ring of protection from magic
 M - an uncursed ring of resist corrosion
 O - an uncursed ring of magical power
 Q - a +3 ring of slaying (left claw)
 X - the ring of the Mage {Wiz MR++ Int+3}
   (You found it in an ice cave)

   [ring of wizardry]

   It improves your spell success rate.
   It affects your intelligence (+3).
   It affects your resistance to hostile enchantments.
Wands
 a - a wand of polymorph (10)
 j - a wand of disintegration (3)
 v - a wand of iceblast (4)
 x - a wand of flame (30)
 D - a wand of digging (3)
 H - a wand of paralysis (2)
 P - a wand of random effects (37)
Scrolls
 g - 9 scrolls of remove curse
 i - 3 scrolls of amnesia
 k - 8 scrolls of immolation
 q - 3 scrolls of identify
 B - a scroll of summoning
 C - a scroll of enchant weapon
 K - a scroll of fear
 L - 6 scrolls of teleportation
 R - a scroll of fog
Potions
 b - a potion of resistance
 d - a potion of brilliance
 n - 3 potions of flight
 r - a potion of magic
 s - 3 potions of mutation
 w - 2 potions of lignification
 z - 5 potions of cancellation
 N - a potion of might
Comestibles
 c - 38 rations


   Skills:
 * Level 16.0 Fighting
 - Level 14.1 Long Blades
 * Level 14.7 Armour
 - Level 6.0 Dodging
 - Level 4.5 Shields
 * Level 4.6 Hexes
 - Level 14.3 Invocations


You had 13 spell levels left.
You knew the following spells:

 Your Spells              Type           Power        Failure   Level  Hunger
a - Confusing Touch       Hex            ##....       10%         1    ##.....
b - Apportation           Tloc           #.....       54%         1    ##.....

Your spell library contained the following spells:

 Spells                   Type           Power        Failure   Level  Hunger
 Corona                   Hex            ##.....      10%         1    ##.....
 Confuse                  Hex            ##......     28%         3    ####...
 Tukima's Dance           Hex            ##......     28%         3    ####...
 Ensorcelled Hibernation  Hex/Ice        #.....       36%         2    ###....
 Animate Skeleton         Necr           N/A          54%         1    ##.....
 Beastly Appendage        Tmut           #.....       54%         1    ##.....
 Flame Tongue             Conj/Fire      #....        54%         1    ##.....
 Sting                    Conj/Pois      #...         54%         1    ##.....
 Summon Small Mammal      Summ           #...         54%         1    ##.....
 Dazzling Spray           Conj/Hex       #.....       58%         3    ####...
 Inner Flame              Hex/Fire       #.......     58%         3    ####...
 Summon Guardian Golem    Hex/Summ       #.......     58%         3    ####...
 Call Imp                 Summ           #.......     67%         2    ###....
 Poisonous Vapours        Pois/Air       #.....       67%         2    ###....
 Sticks to Snakes         Tmut           #.......     67%         2    ###....
 Throw Flame              Conj/Fire      #.....       67%         2    ###....
 Call Canine Familiar     Summ           #.......     88%         3    ####...
 Conjure Flame            Conj/Fire      #.......     88%         3    ####...
 Gell's Gravitas          Tloc           #.........   88%         3    ####...
 Mephitic Cloud           Conj/Pois/Air  #.......     88%         3    ####...
 Spider Form              Tmut/Pois      #.........   88%         3    ####...
 Leda's Liquefaction      Hex/Erth       #.........   94%         4    #####..
 Ice Form                 Ice/Tmut       #.......     99%         4    #####..
 Olgreb's Toxic Radiance  Pois           #.......     99%         4    #####..
 Petrify                  Tmut/Erth      #.......     99%         4    #####..
 Sticky Flame             Conj/Fire      #.......     99%         4    #####..
 Summon Ice Beast         Ice/Summ       #.......     99%         4    #####..
 Summon Lightning Spire   Summ/Air       #.......     99%         4    #####..
 Blade Hands              Tmut           #.........   100%        5    ######.
 Bolt of Magma            Conj/Fire/Erth #.........   100%        5    ######.
 Fireball                 Conj/Fire      #.........   100%        5    ######.
 Metabolic Englaciation   Hex/Ice        #.........   100%        5    ######.
 Venom Bolt               Conj/Pois      #.........   100%        5    ######.
 Yara's Violent Unravell  Hex/Tmut       #.........   100%        5    ######.
 Freezing Cloud           Conj/Ice/Air   #.........   100%        6    #######
 Iron Shot                Conj/Erth      #.........   100%        6    #######
 Statue Form              Tmut/Erth      #........    100%        6    #######
 Ring of Flames           Chrm/Fire      #.........   100%        7    #######
 Shatter                  Erth           #.........   100%        9    #######


Dungeon Overview and Level Annotations

Branches:
Dungeon (15/15)            Temple (0/1) D:4            Lair (6/6) D:9
 Shoals (0/4) Lair:3       Spider (3/4) Lair:2        Slime (0/5) Lair:5
    Orc (2/2) D:12            Elf (1/3) Orc:2        Vaults (0/5) D:14
 Depths (0/5) D:15          Sewer (visited)          Bailey (visited)
  IceCv (visited)         Gauntlet (visited)

Altars:
Cheibriados
Dithmenos
Elyvilon
Gozag
Qazlal
Sif Muna
Uskayaw
Vehumet
Zin
Beogh

Shops:
D:4 }%%   D:11 %   D:15 (   Orc:2 *=*:

Annotations:
D:15 Branches, slow
Abyss:1 Frances, Rupert


Innate Abilities, Weirdness & Mutations

You have claws for hands.
You have an unnaturally thin skeletal structure. (Dex +6, Stealth++)
You are completely attuned to the shadows.
When hurt, damage is shared between your health and your magic reserves.
You regenerate magic rapidly.
You are robust. (+10% HP)
Your muscles are strong. (Str +2)


Message History

The wolf spider bites you but does no damage.
Found a mace.
Unknown command.
You block the wolf spider's attack. The wolf spider bites you!
* * * LOW HITPOINT WARNING * * *
You are lethally poisoned!
The wolf spider poisons you!
You flicker for a moment.
* * * LOW HITPOINT WARNING * * *
You feel very sick.
You see here a mace.
Okay, then.
Okay, then.
Okay, then.
Okay, then.
As you read the scroll of fear, it crumbles to dust.
You assume a fearsome visage.
The demonic crawler is unaffected.
The wolf spider easily resists.
The wolf spider looks frightened!
The demonic crawler is unaffected.
The wolf spider looks frightened!
You die...

.^..#..#..##..#...^.#
....#.s# #..#.....#
.#.^#..# #. #..######
#s.# ###..^....# #s.#
..#...#..^..## #..#
..#...##.#...##
##..###..###..###.#..##
#.sss#..##^.....###....
#...#s@.#....#..#.###..
###.s#..##[..##....#..#
#...#..#..#..##.^..###
#...###>..#...#.......
#.#. ##..#...#...^..#
..##...#...####
#..#.#.^## #^.###
##...#


You could see 2 demonic crawlers and 3 wolf spiders.

Vanquished Creatures
  Jorgrun (D:13)
  A ghost moth (Lair:2)
  An emperor scorpion (Spider:1)
  2 fire dragons
  Josephine (D:15)
  The ghost of fritzmikael the Nimble, a journeyman DDNe of Makhleb (D:11)
  6 centaur warriors
  2 catoblepae
  The ghost of kuniqs the Thaumaturge, a journeyman DEWz of Vehumet (D:11)
  A two-headed ogre (D:9)
  A death yak (Lair:5)
  A tengu warrior (D:15)
  6 orc high priests (Orc:2)
  A deep elf knight (Elf:1)
  Urug (D:14)
  3 unseen horrors
  5 orc knights (Orc:2)
  Pikel (D:7)
  12 wolf spiders
  10 deep elf magi
  2 oklob plants (Lair:6)
  2 cyclopes (Orc:1)
  9 orb spiders
  An orc sorcerer (Orc:1)
  A manticore (D:15)
  A moth of wrath (Spider:1)
  12 elephants
  3 ugly things
  3 black mambas (Lair:6)
  Maurice (D:11)
  A guardian serpent (shapeshifter) (D:15)
  A moth of wrath (shapeshifter) (D:15)
  A merfolk siren (Lair:3)
  The ghost of NeAGen181 the Dealer of Despair, a novice DDNe of Kikubaaqudgha (D:5)
  A torpor snail (Spider:2)
  2 ice statues (IceCv)
  5 centaur skeletons
  3 gargoyles
  10 spiny frogs
  A rime drake (shapeshifter) (D:15)
  6 komodo dragons
  A kobold demonologist (D:15)
  4 rime drakes
  6 demonic crawlers
  A yaktaur (D:15)
  8 trolls
  The ghost of Saltbearer the Vandal, a novice SpFi of Makhleb (D:5)
  12 polar bears
  A jumping spider (shapeshifter) (D:15)
  25 jumping spiders
  A wind drake (shapeshifter) (D:15)
  A raiju (Lair:6)
  3 slime creatures (D:15)
  13 hippogriffs
  10 blink frogs
  2 centaur simulacra (D:14)
  24 redbacks
  8 wraiths
  A shadow (D:14)
  2 wyverns
  16 tarantellas
  35 yaks
  A basilisk (Lair:1)
  16 humans (D:14)
  2 steam dragons (Gauntlet)
  5 wargs
  An acid dragon (D:15)
  15 water moccasins
  16 hell hounds
  16 porcupines
  42 orc warriors
  18 ice beasts
  4 sky beasts
  3 phantoms
  2 slaves (D:7)
  11 black bears (Lair:6)
  18 wolves
  5 boggarts (D:15)
  8 ogres
  10 centaurs
  22 crocodiles
  14 bullfrogs
  2 big kobolds
  A wyvern skeleton (D:15)
  15 jellies
  A water moccasin skeleton (D:9)
  5 killer bees
  4 howler monkeys
  2 electric eels
  4 centaur zombies
  A bullfrog zombie (D:12)
  7 crimson imps
  5 hounds
  34 orc priests
  28 orc wizards
  2 bullfrog skeletons
  7 iguanas
  3 worker ants
  A hound zombie (D:6)
  A hound skeleton (D:4)
  A mummy (D:8)
  13 adders
  5 gnolls
  A river rat (Sewer)
  4 shadow imps
  3 white imps (Gauntlet)
  3 oozes
  An adder skeleton (D:9)
  3 worms (D:3)
  3 dart slugs
  10 leopard geckos
  107 orcs
  4 ball pythons
  5 bats
  9 giant cockroaches
  2 hobgoblins
  20 jackals
  4 quokkas
  A ball python skeleton (D:5)
  9 frilled lizards
  5 goblins
  25 kobolds
  11 rats
901 creatures vanquished.

Vanquished Creatures (collateral kills)
  An ogre (Orc:1)
  A bullfrog (D:12)
  An orc (Orc:1)
3 creatures vanquished.

Vanquished Creatures (others)
  The ghost of Sefoz the Imperceptible, a journeyman SpEn of Gozag (D:13)
  A minotaur (Gauntlet)
  3 ice dragons
  3 hydras
  A tengu warrior (D:15)
  A fire crab (Gauntlet)
  An orange crystal statue (Gauntlet)
  An orc knight (Orc:2)
  An ugly thing (D:12)
  2 orc sorcerers
  A deep elf mage (Orc:2)
  A komodo dragon (Lair:6)
  An ice devil (Gauntlet)
  A blink frog (Lair:1)
  2 raiju
  3 fire bats (Gauntlet)
  2 hell hounds (Gauntlet)
  A soldier ant (D:13)
  2 orc warriors (Orc:2)
  A slave (D:8)
  A gnoll sergeant (D:7)
  A kobold (Bailey)
  A bush (D:9)
  8 fungi
  27 plants
  2 withered plants (D:5)
70 creatures vanquished.

Grand Total: 974 creatures vanquished

Notes
Turn   | Place    | Note
-------+----------+-------------------------------------------
     0 | Abyss:1  | Amplified the Demonspawn Abyssal Knight began the quest for
                  | the Orb.
     0 | Abyss:1  | Reached XP level 1. HP: 18/18 MP: 2/2
    95 | Abyss:1  | Noticed a ynoxinul
   119 | D:1      | Escaped the Abyss
   178 | D:1      | Reached skill level 1 in Dodging
   234 | D:1      | Gained mutation: When hurt, damage is shared between your
                  | health and your magic reserves. [demonic ancestry]
   234 | D:1      | Reached XP level 2. HP: 21/24 MP: 3/3
   569 | D:1      | Gained mutation: You have sharp fingernails. [demonic
                  | ancestry]
   569 | D:1      | Reached XP level 3. HP: 25/29 MP: 3/5
   607 | D:1      | Reached ** piety under Lugonu
  1095 | D:2      | Gained mutation: Your muscles are strong. (Str +2) [potion
                  | of mutation]
  1095 | D:2      | Gained mutation: You are robust. (+10% HP) [potion of
                  | mutation]
  1625 | D:3      | Found an opulent altar of Gozag.
  1703 | D:3      | Reached XP level 4. HP: 38/40 MP: 4/6
  1879 | D:4      | Found a radiant altar of Vehumet.
  2040 | D:4      | Found a stormy altar of Qazlal.
  2043 | D:4      | Found a shimmering blue altar of Sif Muna.
  2053 | D:4      | Found a glowing silver altar of Zin.
  2134 | D:4      | Noticed an ogre
  2153 | D:4      | Killed an ogre
  2153 | D:4      | Reached skill level 4 in Fighting
  2153 | D:4      | Gained mutation: You have very sharp fingernails. [demonic
                  | ancestry]
  2153 | D:4      | Reached XP level 5. HP: 35/46 MP: 5/7
  2188 | D:4      | Found Fofea's Food Boutique.
  2202 | D:4      | Found Ittita Desk's Gadget Boutique.
  2221 | D:4      | Found Viyg Sea's Food Boutique.
  2301 | D:4      | Bought a wand of digging (4) for 160 gold pieces
  2390 | D:4      | Reached *** piety under Lugonu
  2505 | D:4      | Found a staircase to the Ecumenical Temple.
  2702 | D:5      | Entered Level 5 of the Dungeon
  2838 | D:5      | Found a runed translucent gate.
  2839 | D:5      | Found a runed translucent gate.
  2840 | D:5      | Found a runed translucent gate.
  2851 | D:5      | Noticed NeAGen181's ghost (novice DDNe)
  2851 | D:5      | Noticed Saltbearer's ghost (novice SpFi)
  2885 | D:5      | Noticed a sky beast
  2902 | D:5      | Killed a sky beast
  2902 | D:5      | Gained mutation: You have claws for hands. [demonic
                  | ancestry]
  2902 | D:5      | Reached XP level 6. HP: 53/53 MP: 7/9
  2957 | D:5      | Found a glowing drain.
  2988 | Sewer    | Entered a sewer
  3110 | Sewer    | Found a white marble altar of Elyvilon.
  3303 | D:5      | Found a white marble altar of Elyvilon.
  3322 | D:5      | Noticed a sky beast
  3380 | D:5      | Killed a sky beast
  3380 | D:5      | Reached skill level 5 in Fighting
  3380 | D:5      | Reached XP level 7. HP: 40/61 MP: 8/10
  3639 | D:3      | Found a hide-covered altar of Uskayaw.
  4552 | D:7      | Reached **** piety under Lugonu
  4796 | D:7      | Found a stormy altar of Qazlal.
  5279 | D:8      | Noticed Pikel
  5456 | D:7      | Killed Pikel
  5456 | D:7      | Reached skill level 6 in Fighting
  5456 | D:7      | Reached skill level 5 in Long Blades
  5456 | D:7      | Reached skill level 5 in Invocations
  5456 | D:7      | Reached XP level 8. HP: 37/70 MP: 7/12
  5641 | D:8      | Found a snail-covered altar of Cheibriados.
  7048 | D:5      | Killed NeAGen181's ghost
  7048 | D:5      | Reached skill level 7 in Fighting
  7048 | D:5      | Gained mutation: You are slightly more attuned to the
                  | shadows. [demonic ancestry]
  7048 | D:5      | Reached XP level 9. HP: 41/79 MP: 6/13
  7057 | D:5      | Killed Saltbearer's ghost
  8135 | D:9      | Reached skill level 5 in Armour
  8160 | D:9      | Reached skill level 8 in Fighting
  8271 | D:9      | Reached XP level 10. HP: 42/89 MP: 11/15
  8418 | D:9      | Found a staircase to the Lair.
  8478 | D:9      | Reached skill level 5 in Dodging
  8525 | D:9      | Noticed a cyan ugly thing
  8538 | D:9      | Killed a cyan ugly thing
  8861 | D:9      | Found a shadowy altar of Dithmenos.
  9143 | D:9      | Noticed a two-headed ogre
  9150 | D:9      | Killed a two-headed ogre
  9150 | D:9      | Reached skill level 9 in Fighting
  9258 | D:10     | Entered Level 10 of the Dungeon
  9499 | D:10     | Found a roughly hewn altar of Beogh.
  9544 | D:10     | Reached ***** piety under Lugonu
  9710 | D:10     | Got a scorched scale mail
  9721 | D:10     | Identified the +6 scale mail of Precision Catastrophes
                  | {+Fly rF+ Dex-5} (You found it on level 10 of the Dungeon)
  9925 | D:11     | Found Ufumemibea's Food Shoppe.
  9951 | D:11     | Noticed Maurice
  9978 | D:11     | Found a runed translucent gate.
  9978 | D:11     | Found a runed translucent gate.
  9978 | D:11     | Found a runed translucent gate.
  9980 | D:11     | Noticed kuniqs's ghost (journeyman DEWz)
  9980 | D:11     | Noticed fritzmikael's ghost (journeyman DDNe)
 10722 | D:11     | Killed Maurice
 10722 | D:11     | Gained mutation: You regenerate magic rapidly. [demonic
                  | ancestry]
 10722 | D:11     | Reached XP level 11. HP: 91/99 MP: 17/17
 11067 | D:12     | Reached skill level 1 in Shields
 11105 | D:12     | Noticed a brown ugly thing
 11115 | D:12     | Noticed a green ugly thing
 11130 | D:12     | Reached skill level 10 in Fighting
 11144 | D:12     | Killed a brown ugly thing
 11271 | D:12     | Found a staircase to the Orcish Mines.
 11442 | D:13     | Found a flagged portal.
 11645 | Bailey   | Entered a bailey
 12454 | D:13     | Noticed Jorgrun
 12813 | D:12     | Killed an unseen horror
 12922 | D:12     | Noticed Frances
 13166 | Lair:1   | Entered Level 1 of the Lair of Beasts
 13354 | Lair:1   | Reached skill level 10 in Invocations
 13934 | Lair:1   | Gained mutation: You are significantly more attuned to the
                  | shadows. [demonic ancestry]
 13934 | Lair:1   | Reached XP level 12. HP: 104/108 MP: 19/19
 14190 | Lair:1   | Reached skill level 11 in Fighting
 14398 | Lair:2   | Noticed an eight-headed hydra
 14422 | Lair:2   | Reached skill level 10 in Long Blades
 14527 | Lair:3   | Found a gate leading to a gauntlet.
 14878 | Gauntlet | Entered a Gauntlet
 14878 | Gauntlet | Found a transporter.
 14883 | Gauntlet | Found a transporter.
 14885 | Gauntlet | Found a transporter.
 14887 | Gauntlet | Found a transporter.
 14887 | Gauntlet | Found a transporter.
 14914 | Gauntlet | Found a transporter.
 14962 | Gauntlet | Found a transporter.
 15002 | Gauntlet | Found a transporter.
 15004 | Gauntlet | Found a transporter.
 15019 | Gauntlet | Found a transporter.
 15116 | Gauntlet | Corrupted Gauntlet
 15116 | Gauntlet | Noticed a starcursed mass
 15116 | Gauntlet | Noticed a starcursed mass
 15116 | Gauntlet | Noticed a bone dragon
 15133 | Gauntlet | Got a serpentine jade ring
 15134 | Gauntlet | Identified the ring of Hoedi {rPois rN+ Int-4 Stlth+} (You
                  | found it in a Gauntlet)
 15152 | Gauntlet | Noticed a minotaur
 15185 | Gauntlet | Banished a minotaur
 15198 | Gauntlet | Noticed a starcursed mass
 15409 | Gauntlet | Found a transporter.
 15513 | Gauntlet | Found a transporter.
 16111 | Lair:3   | Found a staircase to the Shoals.
 16806 | Lair:4   | Noticed a five-headed hydra
 16812 | Lair:4   | Banished a six-headed hydra
 17008 | Lair:4   | Reached skill level 12 in Fighting
 17567 | Lair:6   | Entered Level 6 of the Lair of Beasts
 17673 | Lair:6   | Got a slimy quarterstaff
 17823 | Lair:6   | Noticed a seven-headed hydra
 17862 | Lair:6   | Banished a seven-headed hydra
 17879 | Lair:6   | Identified the +2 quarterstaff of Eternal Harmony {flame,
                  | Str+3} (You found it on level 6 of the Lair of Beasts)
 18036 | Lair:6   | Found a frozen archway.
 18042 | Lair:6   | Noticed an ice dragon
 18049 | Lair:6   | Gained mutation: You have a somewhat thin skeletal
                  | structure. (Dex +2, Stealth) [demonic ancestry]
 18049 | Lair:6   | Reached XP level 13. HP: 84/119 MP: 18/21
 18141 | IceCv    | Entered an ice cave
 19050 | IceCv    | Found the ring of the Mage {Wiz MR++ Int+3}
 19838 | Lair:6   | Reached skill level 13 in Fighting
 20711 | Lair:5   | Reached skill level 10 in Armour
 21178 | Lair:5   | Gained mutation: You are completely attuned to the shadows.
                  | [demonic ancestry]
 21178 | Lair:5   | Reached XP level 14. HP: 112/129 MP: 20/23
 21192 | Lair:5   | Got a translucent war axe
 21193 | Lair:5   | Identified the +5 war axe of Bofazos {antimagic, +Inv rC-
                  | rN+ MR+} (You found it on level 5 of the Lair of Beasts)
 21210 | Lair:5   | Found a staircase to the Slime Pits.
 21498 | Lair:5   | Learned a level 1 spell: Confusing Touch
 22115 | Lair:2   | Found a hole to the Spider Nest.
 22674 | D:11     | Killed kuniqs's ghost
 22719 | D:11     | Killed fritzmikael's ghost
 22857 | D:12     | Found a roughly hewn altar of Beogh.
 23016 | D:12     | Banished Frances
 23088 | Orc:1    | Entered Level 1 of the Orcish Mines
 23110 | Orc:2    | Entered Level 2 of the Orcish Mines
 23204 | Orc:2    | Found a staircase to the Elven Halls.
 23245 | Orc:2    | Reached skill level 14 in Fighting
 24204 | Orc:2    | Paralysed by an orc sorcerer for 3 turns
 25403 | Orc:2    | Reached ****** piety under Lugonu
 25774 | Orc:2    | Found Myonakawut's Jewellery Emporium.
 25775 | Orc:2    | Found Lifeor's Assorted Antiques.
 25776 | Orc:2    | Found Myenat's Book Emporium.
 25776 | Orc:2    | Found Lakizuti's General Store.
 25779 | Orc:2    | Bought a scroll of teleportation for 96 gold pieces
 25779 | Orc:2    | Bought a fuming sapphire potion for 28 gold pieces
 25779 | Orc:2    | Bought a potion of curing for 96 gold pieces
 25779 | Orc:2    | Bought a potion of might for 128 gold pieces
 25779 | Orc:2    | Bought a wand of digging (6) for 256 gold pieces
 25782 | Orc:2    | Bought 3 scrolls of teleportation for 108 gold pieces
 25782 | Orc:2    | Bought a scroll of enchant weapon for 90 gold pieces
 25782 | Orc:2    | Bought a scroll of enchant armour for 90 gold pieces
 25782 | Orc:2    | Bought a ration for 60 gold pieces
 25938 | D:13     | Found a runed translucent gate.
 26171 | D:13     | Found a runed translucent gate.
 26172 | D:13     | Found a runed translucent gate.
 26381 | D:13     | Killed Jorgrun
 26381 | D:13     | Gained mutation: You have a moderately thin skeletal
                  | structure. (Dex +4, Stealth+) [demonic ancestry]
 26381 | D:13     | Reached XP level 15. HP: 121/139 MP: 22/25
 26516 | D:13     | Noticed Sefoz's ghost (journeyman SpEn)
 26531 | D:13     | Banished Sefoz's ghost
 26566 | D:14     | Found a gate to the Vaults.
 26566 | D:14     | Noticed Urug
 26566 | D:14     | Noticed Rupert
 26889 | D:14     | Killed Urug
 26962 | D:14     | Banished Rupert
 27531 | D:15     | Entered Level 15 of the Dungeon
 27579 | D:15     | Reached skill level 15 in Fighting
 27768 | D:15     | Noticed Josephine
 27780 | D:15     | Killed Josephine
 28531 | D:15     | Found Xakiuc's Weapon Shoppe.
 28683 | D:15     | Noticed a fire giant
 28832 | D:15     | Found a staircase to the Depths.
 29130 | Elf:1    | Entered Level 1 of the Elven Halls
 29740 | Spider:1 | Entered Level 1 of the Spider Nest
 29823 | Lair:2   | Killed a ghost moth
 30071 | Spider:1 | Learned a level 1 spell: Apportation
 30121 | Spider:1 | Reached skill level 1 in Hexes
 30712 | Spider:1 | Gained mutation: You have an unnaturally thin skeletal
                  | structure. (Dex +6, Stealth++) [demonic ancestry]
 30712 | Spider:1 | Reached XP level 16. HP: 126/149 MP: 24/26
 31458 | Spider:2 | Got a pitted ring mail
 31502 | Spider:2 | Identified the cursed +1 ring mail of Puntosta {rPois rF-
                  | rC+ Dex+4} (You found it on level 2 of the Spider Nest)
 32437 | Spider:3 | Reached skill level 16 in Fighting
 32459 | Spider:3 | HP: 5/151 [wolf spider (9)]
 32461 | Spider:3 | Succumbed to a wolf spider's poison

Levels and vault maps discovered:
D:1:      minmay_arrival_stone_box, layout_loops_ring
D:2:      layout_rooms
D:3:      layout_basic, overflow_temple_1_default, nicolae_gozag_seed_capital
D:4:      layout_rooms, grunt_temple_overflow_cloverleaf, temple_hall,
          first_ration, serial_shops, shop, shop, shop, serial_glass,
          glass_columns_a, glass_columns_b, due_unseen_surprise,
          minmay_strange_pillars, item_on_display_a, minmay_pentangle
D:5:      layout_gridville, gup_sewer_entry_glass, gammafunk_ghost_cemetery,
          elyvilon_altar_3
D:6:      layout_basic
D:7:      layout_basic, hangedman_decor_points, nicolae_qazlal_general_emergency
D:8:      layout_loops_ring, slow_altar_1, uniq_pikel
D:9:      layout_basic, lemuel_round_altar, minmay_lair_entry_grove
D:10:     layout_gridville, special_room [special_room_orc]
D:11:     layout_loops_cross, serial_shops, shop_statue,
          gammafunk_ghost_cemetery, bh_walls_and_bars, uniq_maurice
D:12:     layout_rooms, minmay_orc_entry_temple_small, uniq_frances
D:13:     layout_basic, enter_bailey_2, ebering_ghost_rock_garden, uniq_jorgrun
D:14:     layout_loops_ring, david_vaults_3
D:15:     gammafunk_enter_depths_forms, layout_loops_ring, serial_shops,
          nicolae_shop_crystal, grunt_tough_drop, uniq_josephine
Lair:1:   layout_gridlike, cheibrodos_lair_reptile_den
Lair:2:   layout_cave_shapes, spider_nest_entry_web_field
Lair:3:   layout_cave_pods, elwin_shoals_entry_rooms, gauntlet_entry_generic
Lair:4:   layout_misc_corridors, lemuel_fruit_tree, grunt_megastairs_2
Lair:5:   layout_hall_layers, minmay_slime_entry_jelly_boxes,
          beast_lair_carwin_1
Lair:6:   hangedman_lair_caniforms_friends, layout_regular_city, wormcave,
          portal_ice_cave_entry_animals_and_master, serial_bayou_pond_b,
          minmay_lair_oklob_chamber, uniq_urug
Spider:1: layout_spider_delve, nicolae_spider_nook
Spider:2: layout_chambers, guppyfry_spider_mini_3
Spider:3: nicolae_spider_hall_of_the_moth_king, drop_trap
Orc:1:    layout_caves, elves_outpost_lemuel
Orc:2:    st_orc_pillars, layout_diamond_mine
Elf:1:    minmay_elf_arrival_summoners, layout_geoelf_diagonals,
          hangedman_elf_disciples

Skill      XL: |  1  2  3  4  5  6  7  8  9 10 11 12 13 14 15 16 |
---------------+-------------------------------------------------+-----
Long Blades    | 2 3 5 6 7 8 9 11 12 13 14 | 14.1
Dodging        | 1 2 3 4 5 6 |  6.0
Armour         | 2 3 4 5 6 7 10 12 14 | 14.7
Invocations    | 3 4 5 6 7 8 10 11 12 13 14 | 14.3
Fighting       | 4 5 6 7 8 9 10 12 13 14 15 16 | 16.0
Shields        | 4 |  4.5
Hexes          | 2 4 |  4.6

Action                   |  1- 3 |  4- 6 |  7- 9 | 10-12 | 13-15 | 16-18 || total
-------------------------+-------+-------+-------+-------+-------+-------++-------
Melee: Falchion          |   119 |   168 |   279 |       |       |       ||   566
       Long sword        |       |       |   107 |   978 |   600 |       ||  1685
       Demon blade       |       |       |       |       |  1285 |   164 ||  1449
Throw: Boomerang         |       |       |     7 |     5 |       |       ||    12
       Dart              |       |       |       |     6 |    13 |       ||    19
 Cast: Confusing Touch   |       |       |       |       |     7 |       ||     7
Invok: Banish            |       |       |     1 |    13 |    22 |       ||    36
       Bend Space        |       |       |       |     1 |     1 |       ||     2
       Corrupt           |       |       |       |     1 |       |       ||     1
Evoke: Wand              |       |     1 |    11 |    62 |    24 |     2 ||   100
       Phantom mirror    |       |       |       |       |     1 |       ||     1
  Use: Potion            |     4 |     7 |     5 |    14 |    11 |     3 ||    44
       Scroll            |     5 |     4 |     8 |    26 |    20 |     5 ||    68
 Stab: Invisible         |       |       |     2 |     2 |       |     3 ||     7
       Confused          |       |       |     1 |       |     4 |       ||     5
       Distracted        |       |       |       |     1 |     5 |       ||     6
       Betrayed ally     |       |       |       |     1 |       |       ||     1
       Sleeping          |       |       |       |     9 |    27 |    11 ||    47
  Eat: Chunk             |     3 |     5 |     7 |    17 |    18 |       ||    50
       Ration            |       |       |     3 |     6 |     9 |     2 ||    20
Armor: Leather armour    |    13 |       |       |       |       |       ||    13
       Ring mail         |    23 |    71 |    90 |    19 |       |       ||   203
       Skin              |     5 |       |     2 |       |       |       ||     7
       Scale mail        |       |       |       |   342 |   773 |   111 ||  1226
Dodge: Dodged            |    87 |   101 |   200 |   463 |   698 |   110 ||  1659
Block: Other             |       |     9 |    47 |    21 |       |       ||    77
       Reflection        |       |       |       |     8 |    28 |       ||    36
       Buckler           |       |       |       |   210 |   624 |   110 ||   944
       Rpst.: Falchion   |    30 |    29 |    47 |       |       |       ||   106
       Long sword        |       |       |    18 |   140 |    67 |       ||   225
       Demon blade       |       |       |       |       |    97 |    24 ||   121
